 Dungeon Crawl Stone Soup version 0.28-a0-691-gad6df49e81 (webtiles) character file.

Game seed: 2943865176720250923

1302 HoaS the Cruncher (level 8, -3/44 HPs)
             Began as a Gargoyle Gladiator on Oct 21, 2021.
             Was a Priest of Okawaru.
             Slain by a two-headed ogre (24 damage)
             ... on level 6 of the Dungeon.
             The game lasted 00:13:49 (4252 turns).

HoaS the Cruncher (Gargoyle Gladiator)              Turns: 4252, Time: 00:13:50

Health: -3/44      AC: 19    Str: 20    XL:     8   Next: 57%
Magic:  10/10      EV: 10    Int:  9    God:    Okawaru [***...]
Gold:   359        SH:  0    Dex: 11    Spells: 7/7 levels left

rFire   . . .      SeeInvis .   a - +1 quarterstaff (flame)
rCold   . . .      Faith    .   (shield currently unavailable)
rNeg    + + .      Spirit   .   b - +2 scale mail {Will+}
rPois   ∞          Reflect  .   c - +0 helmet
rElec   +          Harm     .   (no cloak)
rCorr   .          Rampage  .   j - +2 pair of gloves
Will    +....                   e - +1 pair of boots
Stlth   ..........              o - amulet of regeneration
HPRegen 1.14/turn               f - ring of positive energy
MPRegen 0.12/turn               (no ring)

@: hasted, very quick
A: sickness immunity, AC +5, negative energy resistance 1, electricity
resistance, torment resistance 1, petrification resistance
a: Renounce Religion, Heroism


You were on level 6 of the Dungeon.
You worshipped Okawaru.
Okawaru was most pleased with you.
You visited 1 branch of the dungeon, and saw 6 of its levels.

You collected 359 gold pieces.

Inventory:

Hand Weapons
 a - a +1 quarterstaff of flaming (weapon)
Missiles
 i - 2 boomerangs (quivered)
 k - 29 bolts
 q - 96 arrows
Armour
 b - a +2 scale mail of willpower (worn)
 c - a +0 helmet (worn)
 e - a +1 pair of boots (worn)
 j - a +2 pair of gloves (worn)
Jewellery
 f - a ring of positive energy (left hand)
 o - an amulet of regeneration (around neck)
Scrolls
 g - 2 scrolls of blinking
 r - 2 scrolls of fear
Potions
 d - a potion of attraction
 l - a potion of heal wounds
 m - a potion of haste
 n - 2 potions of lignification
 p - a potion of curing
 t - a potion of resistance


   Skills:
 - Level 2.1 Fighting
 * Level 9.9 Staves
 - Level 2.0 Bows
 - Level 1.7 Throwing
 - Level 2.4 Dodging
 - Level 3.0 Invocations


You had 7 spell levels left.
You didn't know any spells.
Your spell library contained the following spells:

 Spells                   Type           Power      Damage    Failure   Level
 Conjure Flame            Conj/Fire      0%         6-21      98%         3
 Ignite Poison            Fire/Tmut/Pois 0%         N/A       98%         3
 Sticky Flame             Conj/Fire      0%         2d3       100%        4


Dungeon Overview and Level Annotations

Branches:
Dungeon (6/15)             Temple (0/1) D:4

Altars:
Hepliaklqana
Nemelex Xobeh
Okawaru
Trog
Uskayaw
Yredelemnul
Zin

Annotations:
D:4 1 runed translucent door


Innate Abilities, Weirdness & Mutations

You are immune to sickness and miasma.
Your stone body is resilient. (AC +5)
You are immune to poison.
You resist negative energy. (rN+)
You are resistant to electric shocks. (rElec)
You are resistant to unholy torment.
You are immune to petrification.


Message History

You kill the sky beast!
Okawaru accepts your kill.
Okawaru will now gift you ammunition as you gain piety.
You see here a sky beast corpse.
You now have 359 gold pieces (gained 11).
A two-headed ogre comes into view.
It is wielding a +0 giant club and a +0 giant spiked club.
A two-headed ogre is nearby!
A two-headed ogre is nearby!
A two-headed ogre is nearby!
You feel yourself speed up.
Throw: dart (poison)
Press: ? - help, Shift-Dir - straight line, f - two-headed ogre
Aim: a two-headed ogre, wielding a +0 giant club and a +0 giant spiked club (72% to hit)
You throw a poisoned dart.
The poisoned dart hits the two-headed ogre.
Throw: 2 boomerangs
Press: ? - help, Shift-Dir - straight line, f/p - two-headed ogre
Aim: a two-headed ogre, wielding a +0 giant club and a +0 giant spiked club (72% to hit)
You throw a boomerang.
The boomerang closely misses the two-headed ogre.
You sock the two-headed ogre! You burn the two-headed ogre.
The two-headed ogre is lightly wounded.
The two-headed ogre completely misses you.
The two-headed ogre hits you with a +0 giant spiked club.
You hit the two-headed ogre. You burn the two-headed ogre.
The two-headed ogre is moderately wounded.
You sock the two-headed ogre! You burn the two-headed ogre.
The two-headed ogre is heavily wounded.
You barely miss the two-headed ogre.
The two-headed ogre is heavily wounded.
The two-headed ogre hits you with a +0 giant club!!
Ouch! That really hurt!
The two-headed ogre barely misses you.
You barely miss the two-headed ogre.
The two-headed ogre is heavily wounded.
You barely miss the two-headed ogre.
The two-headed ogre is heavily wounded.
The two-headed ogre hits you with a +0 giant club!!
Ouch! That really hurt!
You die...

#.# ...# #.# .... ...... ..#
... . ...... #.# ..###.#
#..... #.# ........ #.....
#.# .........#.....
#####.#####(..#..# ......
#........@O....... ......
#.....######.....# #.#.
#.....# ....# #... #.....#
... ...# #####. #..(..#
..... ...####...'.
###.....##.............>###.
#..†...............####.##..
#................ #.##..
#..................####'##..


You could see a two-headed ogre.

Vanquished Creatures
  A wyvern (D:5)
  Edmund (D:5)
  2 ice beasts (D:6)
  A sky beast (D:6)
  An ogre (D:5)
  A gnoll sergeant (D:5)
  3 scorpions
  A bullfrog zombie (D:6)
  2 hounds
  A human zombie (D:4)
  A jelly (D:5)
  An orc priest (D:6)
  A human skeleton (D:4)
  2 orc wizards (D:6)
  A hound skeleton (D:5)
  A howler monkey skeleton (D:5)
  3 gnolls
  5 adders
  A white imp (D:5)
  A worm (D:2)
  A dart slug (D:4)
  11 orcs
  5 endoplasms
  2 giant cockroaches
  4 goblins
  6 hobgoblins
  6 jackals
  6 kobolds
  6 quokkas
  7 ball pythons
  A frilled lizard (D:1)
  6 rats
92 creatures vanquished.

Notes
Turn   | Place    | Note
-------+----------+-------------------------------------------
     0 | D:1      | HoaS the Gargoyle Gladiator began the quest for the Orb.
     0 | D:1      | Reached XP level 1. HP: 12/12 MP: 1/1
   312 | D:1      | Reached XP level 2. HP: 10/17 MP: 2/2
   605 | D:1      | Found a faded altar of an unknown god.
   741 | D:1      | Reached skill level 4 in Staves
   950 | D:2      | Reached XP level 3. HP: 21/21 MP: 3/3
  1114 | D:2      | Reached XP level 4. HP: 26/26 MP: 4/4
  1205 | D:2      | Reached skill level 5 in Staves
  1804 | D:3      | Found a hazy altar of Hepliaklqana.
  2100 | D:3      | Found a bloodstained altar of Trog.
  2107 | D:3      | Found a glowing silver altar of Zin.
  2107 | D:3      | Found a hide-covered altar of Uskayaw.
  2107 | D:3      | Found an iron altar of Okawaru.
  2117 | D:3      | Became a worshipper of Warmaster Okawaru
  2297 | D:3      | Found a sparkling altar of Nemelex Xobeh.
  2345 | D:4      | Noticed a scorpion
  2354 | D:4      | Killed a scorpion
  2355 | D:4      | Reached skill level 1 in Bows
  2355 | D:4      | Reached skill level 1 in Invocations
  2355 | D:4      | Reached XP level 5. HP: 30/30 MP: 5/5
  2439 | D:4      | Found a runed translucent door.
  2439 | D:4      | Noticed a human
  2441 | D:4      | Found a basalt altar of Yredelemnul.
  2517 | D:4      | Reached XP level 6. HP: 24/35 MP: 7/7
  2711 | D:4      | Reached skill level 6 in Staves
  2766 | D:4      | Found a staircase to the Ecumenical Temple.
  2834 | D:4      | Reached * piety under Okawaru
  3130 | D:5      | Entered Level 5 of the Dungeon
  3341 | D:5      | Noticed a wyvern
  3352 | D:5      | Killed a wyvern
  3353 | D:5      | Reached XP level 7. HP: 40/40 MP: 7/9
  3372 | D:5      | Reached skill level 7 in Staves
  3431 | D:5      | Reached ** piety under Okawaru
  3556 | D:5      | Noticed Edmund
  3580 | D:5      | Killed Edmund
  3669 | D:5      | Reached skill level 8 in Staves
  3751 | D:5      | Reached XP level 8. HP: 42/44 MP: 10/10
  3904 | D:6      | Reached skill level 9 in Staves
  4223 | D:6      | Reached *** piety under Okawaru
  4242 | D:6      | Noticed a two-headed ogre
  4252 | D:6      | Slain by a two-headed ogre

Illustrated notes

Levels and vault maps discovered:
D:1:      minmay_arrival_semitransparent, layout_rooms,
          shapermc_ecumenical_altar_mp_vishouse
D:2:      layout_basic
D:3:      layout_basic, nicolae_hepliaklqana_hazy_memory,
          gammafunk_temple_overflow_forgotten, nicolae_overflow_hidden_temple
D:4:      layout_loops_ring, dk_yredelemnul_ordeal,
          minmay_temple_entry_statues_pillars, hangedman_decor_riveting
D:5:      layout_basic, minmay_small_thing, uniq_edmund
D:6:      layout_basic, serial_glass, glass_columns_c, glass_columns_b,
          item_on_display_a, minmay_strange_pillars

Skill      XL: |  1  2  3  4  5  6  7  8 |
---------------+-------------------------+-----
Staves         | 4 5 6 8 9 |  9.9
Bows           | 1 2 |  2.0
Invocations    | 1 3 |  3.0
Fighting       | |  2.1
Throwing       | |  1.7
Dodging        | |  2.4

Action                   |  1- 3 |  4- 6 |  7- 9 || total
-------------------------+-------+-------+-------++-------
Melee: Quarterstaff      |    63 |   176 |   131 ||   370
Throw: Throwing net      |       |     2 |     1 ||     3
       Dart              |       |     3 |     4 ||     7
       Boomerang         |       |       |     6 ||     6
  Use: Scroll            |       |    12 |     4 ||    16
       Potion            |       |       |     1 ||     1
 Stab: Held in net/web   |       |     1 |     2 ||     3
Armor: Scale mail        |    20 |    56 |    51 ||   127
       Leather armour    |     1 |       |       ||     1
Dodge: Dodged            |    35 |    70 |    34 ||   139
Block: Other             |     4 |    29 |       ||    33
       Reflection        |       |     2 |       ||     2

Table legend: (Time is in decaauts)
 A = Elapsed time spent in this place.
 B = Non-inter-level travel time spent in this place.
 C = Inter-level travel time spent in this place.
 D = Time resting spent in this place.
 E = Time spent auto-exploring this place.
 F = Levels seen in this place.
 G = Mean time per level.
                   A        B        C        D        E       F      G
               +--------+--------+--------+--------+--------+-----+--------+
         Total |   4246 |   4001 |    245 |    760 |   2316 |   6 |  707.7 |
       Dungeon |   4246 |   4001 |    245 |    760 |   2316 |   6 |  707.7 |
               +--------+--------+--------+--------+--------+-----+--------+

Top non-repeatable levels by time:
     D:1: 909 daAuts
     D:2: 906 daAuts
     D:4: 894 daAuts
     D:5: 645 daAuts
     D:3: 497 daAuts
     D:6: 393 daAuts
